 Dungeon Crawl Stone Soup version 0.19.1 (webtiles) character file.

12816 Melicamp the Geomancer (level 11, 44/81 HPs)
             Began as a Deep Dwarf Earth Elementalist on Dec 2, 2016.
             Was a Believer of Ashenzari.
             Quit the game on level 1 of the Snake Pit on Dec 3, 2016.
             The game lasted 01:47:03 (15195 turns).

Melicamp the Geomancer (DDEE)                      Turns: 15195, Time: 01:47:04

Health: 44/81      AC: 10    Str: 13    XL:     11   Next: 67%
Magic:  15/23      EV: 15    Int: 18    God:    Ashenzari [**....]
Gold:   674        SH:  0    Dex: 13    Spells: 4 memorised, 14 levels left

rFire  + . .     SeeInvis .     e - book of Geomancy
rCold  . . .     Gourm    .     b - +2 leather armour {rF+} (curse)
rNeg   . . .     Faith    +     (no shield)
rPois  .         Spirit   .     x - +0 helmet
rElec  .         Reflect  .     (no cloak)
rCorr  .         Harm     .     (no gloves)
MR     +....                    F - +0 pair of boots
Stlth  ++........               J - amulet of faith (curse)
                                v - +3 ring of protection
                                h - ring of magical power (curse)

@: non-regenerating
A: damage resistance, recharge devices, sense surroundings 2, slow regeneration
3
a: Device Recharging, Curse Item, Scrying, Renounce Religion


You were on level 1 of the Snake Pit.
You worshipped Ashenzari.
Ashenzari was pleased with you.
You were not hungry.

You visited 4 branches of the dungeon, and saw 15 of its levels.

You collected 674 gold pieces.

Inventory:

Hand Weapons
 a - a +5 hand axe
Missiles
 r - 12 stones (quivered)
Armour
 b - a cursed +2 leather armour of fire resistance (worn)
 q - a +0 robe of positive energy
 x - a +0 helmet (worn)
 C - the +1 robe "Wudeuc" {*Contam rPois rN++ Stlth+}
   (You found it on level 10 of the Dungeon)

   It protects you from poison.
   It greatly protects you from negative energy.
   It causes magical contamination when unequipped.
   It makes you more stealthy.
 F - a +0 pair of boots (worn)
 K - +0 steam dragon scales
 P - a +1 hat
Jewellery
 h - a cursed ring of magical power (left hand)
 o - an uncursed ring of resist corrosion
 s - an uncursed amulet of rage
 v - a +3 ring of protection (right hand)
 J - a cursed amulet of faith (around neck)
Wands
 d - a wand of heal wounds (2/9)
 g - a wand of confusion (24/48)
 p - a wand of iceblast (4/15)
 N - a wand of digging (19/24)
 Q - a wand of flame (20/48)
 S - a wand of confusion (22/48)
 T - a wand of flame (18/48)
 U - a wand of iceblast (7/15)
Scrolls
 c - 2 scrolls of enchant weapon
 j - 3 scrolls of teleportation
 m - 3 scrolls of fog
 E - a scroll of magic mapping
 O - 3 scrolls of fear
 V - a scroll of identify
Potions
 i - 2 potions of agility
 k - a potion of beneficial mutation
 l - a potion of might {unknown}
 n - a potion of brilliance {unknown}
 u - a potion of curing
 z - a potion of magic
 A - a potion of haste
 G - a potion of berserk rage {unknown}
 H - 2 potions of heal wounds
 L - a potion of flight {unknown}
 R - a potion of invisibility
Books
 e - a book of Geomancy (in hand)

   Spells                             Type                      Level
   a - Sandblast                      Earth                        1
   b - Passwall                       Transmutation/Earth          2
   c - Stone Arrow                    Conjuration/Earth            3
   d - Petrify                        Transmutation/Earth          4
   e - Lee's Rapid Deconstruction     Earth                        5
 t - a book of Clouds

   Spells                             Type                      Level
   a - Mephitic Cloud                 Conjuration/Poison/Air       3
   b - Conjure Flame                  Conjuration/Fire             3
   c - Poisonous Cloud                Conjuration/Poison/Air       6
   d - Freezing Cloud                 Conjuration/Ice/Air          6
   e - Ring of Flames                 Charms/Fire                  7
 y - the Tome of Confrontation and the Arsonist
   (You found it on level 5 of the Dungeon)

   Spells                             Type                      Level
   a - Magic Dart                     Conjuration                  1
   b - Venom Bolt                     Conjuration/Poison           5
   c - Bolt of Fire                   Conjuration/Fire             6
   d - Iron Shot                      Conjuration/Earth            6
Miscellaneous
 w - a fan of gales
Comestibles
 f - 3 bread rations
 B - 3 beef jerkies
 D - 5 slices of pizza
 I - a fruit
 M - 3 meat rations


   Skills:
 * Level 7.3 Dodging
 - Level 2.4 Stealth
 - Level 8.1 Spellcasting
 - Level 8.1(9.6) Transmutations
 - Level 12.8(14.0) Earth Magic
 - Level 10.0(11.3) Evocations


You had 14 spell levels left.
You knew the following spells:

 Your Spells              Type           Power        Failure   Level  Hunger
a - Sandblast             Erth           ######       1%          1    None
b - Passwall              Tmut/Erth      #####.....   1%          2    None
c - Petrify               Tmut/Erth      #####...     1%          4    ###....
d - Lee's Rapid Deconstr  Erth           ######....   1%          5    #####..


Dungeon Overview and Level Annotations

Branches:
Dungeon (10/15)            Temple (1/1) D:7            Lair (3/6) D:10
 Shoals (0/4) Lair:2        Snake (1/4) Lair:3
    Orc: D:9-12

Altars:
Ashenzari
Cheibriados
Dithmenos
Elyvilon
Fedhas
Gozag
Hepliaklqana
Kikubaaqudgha
Makhleb
Nemelex Xobeh
Okawaru
Qazlal
Ru
Sif Muna
Trog
Uskayaw
Vehumet
Xom
Yredelemnul
Zin
The Shining One

Shops:
D:4 !   D:7 *

Annotations:
D:10 Unique!, Nergalle
Lair:1 exclusions: downstairs, 2 player ghosts, spiny frog and 1 more exclusion, qice's ghost, journeyman FoFi
Lair:2 exclusions: siren, torpor snail, 2 upstairs and 1 more exclusion


Innate Abilities, Weirdness & Mutations

You are resistant to damage.
You can recharge devices by infusing magical energy.
You passively map the area around you.
You do not regenerate.


Message History

The yak is severely wounded.
The yak gores you! The yak gores you but does no damage.
Casting: Sandblast
Confirm with . or Enter, or press ? or * to list all spells.
Aiming: Sandblast
Press: ? - help, Shift-Dir - straight line, f/p - yak
Aim: a yak (severely wounded)
The blast of sand hits the yak.
The yak is severely wounded.
The yak gores you! The yak closely misses you.
You can't go up here!
The yak barely misses you. The yak closely misses you.
You climb downwards.
Welcome to the Snake Pit!
This branch contains the serpentine rune of Zot.
A black mamba, an anaconda, a mana viper and a naga ritualist come into view.
Ashenzari warns you: The naga ritualist is wielding a dagger of venom.
The naga ritualist shouts!
The mana viper hisses angrily.
Found a stone staircase leading down.
There is a staircase back to the Lair here.
Are you sure you want to abandon this character and quit the game? (Confirm with "yes".)

**** * * * * , ,
*, , ,,, ,,,, ,
,, * , , ,, , *
, ,* * * * * **
, * * , *
*#########* **
** ,,,#@......S
, ,
......Y.Y...S..,
, *
........#.S..N.,
,* *
,..#######..####
** , .# * , * *
,, * * * ># * *
* , *, , ,,. * ,
* , , .. , ,,,
** , ,, ,,, , *
,


You could see an anaconda (wandering), a naga ritualist, a mana viper, a black
mamba (wandering) and 2 yaks.

Vanquished Creatures
  A hill giant (D:9)
  4 torpor snails (Lair:2)
  A black mamba (Lair:1)
  A spiny frog (Lair:2)
  A komodo dragon (Lair:1)
  A troll (D:9)
  A two-headed ogre (D:9)
  Prince Ribbit (D:7)
  7 blink frogs (Lair:2)
  A hippogriff (Lair:1)
  6 yaks
  A steam dragon (D:8)
  A human (D:9)
  4 hogs (D:9)
  A hungry ghost (D:8)
  Menkaure (D:7)
  A porcupine (Lair:1)
  5 water moccasins
  3 orc warriors
  4 phantoms
  An eye of draining (D:9)
  An ice beast (D:5)
  6 ogres
  3 centaurs
  3 crocodiles
  A big kobold (D:9)
  9 bullfrogs
  A wyvern zombie (D:10)
  A water moccasin zombie (D:7)
  3 scorpions
  10 killer bees
  8 wights
  3 howler monkeys
  8 crimson imps
  A centaur zombie (D:5)
  A quasit (D:8)
  3 jellies
  4 hounds
  8 orc wizards
  A bullfrog zombie (D:8)
  A gnoll shaman (D:6)
  6 orc priests
  A bullfrog skeleton (D:7)
  An iron imp (D:5)
  2 centaur skeletons (D:8)
  Ijyb (D:3)
  3 iguanas
  13 worker ants
  A killer bee zombie (D:6)
  2 hound skeletons
  8 gnolls
  2 howler monkey skeletons
  11 adders
  A shadow imp (D:5)
  An ooze (D:1)
  2 adder skeletons (D:8)
  4 worms
  2 dart slugs
  4 leopard geckos
  34 orcs
  3 ball pythons
  7 bats
  4 giant cockroaches
  11 goblins
  2 hobgoblins
  12 jackals
  14 kobolds
  8 quokkas
  A ball python skeleton (D:4)
  11 frilled lizards
  A giant cockroach zombie (D:5)
  A jackal skeleton (D:8)
  A quokka skeleton (D:6)
  A quokka zombie (D:6)
  9 rats
  A fungus (Lair:1)
  13 plants (D:10)
322 creatures vanquished.

Vanquished Creatures (others)
  A plant (Lair:3)
1 creature vanquished.

Grand Total: 323 creatures vanquished

Notes
Turn   | Place    | Note
-------+----------+-------------------------------------------
     0 | D:1      | Melicamp the Deep Dwarf Earth Elementalist began the quest for the Orb.
     0 | D:1      | Reached XP level 1. HP: 15/15 MP: 3/3
   232 | D:1      | Reached XP level 2. HP: 20/22 MP: 2/4
   738 | D:1      | You fall through a shaft!
   759 | D:2      | Reached skill level 5 in Earth Magic
   759 | D:2      | Reached XP level 3. HP: 26/28 MP: 3/6
  1209 | D:2      | Reached XP level 4. HP: 32/36 MP: 7/7
  1390 | D:2      | Found a bloodstained altar of Trog.
  1484 | D:2      | Reached skill level 6 in Earth Magic
  2103 | D:3      | Noticed Ijyb
  2112 | D:3      | Killed Ijyb
  2283 | D:3      | Reached XP level 5. HP: 37/42 MP: 9/9
  2511 | D:3      | Learned a level 2 spell: Passwall
  2516 | D:3      | Learned a level 4 spell: Petrify
  2682 | D:3      | Reached skill level 1 in Transmutations
  3154 | D:4      | Reached skill level 7 in Earth Magic
  3364 | D:4      | Reached XP level 6. HP: 49/49 MP: 10/10
  3488 | D:4      | Found an opulent altar of Gozag.
  3489 | D:4      | Found a shadowy altar of Dithmenos.
  3538 | D:4      | Found Misibiod's Distillery.
  3596 | D:5      | Entered Level 5 of the Dungeon
  3895 | D:5      | Reached skill level 8 in Earth Magic
  4077 | D:5      | Reached XP level 7. HP: 40/55 MP: 11/11
  4154 | D:5      | Reached skill level 9 in Earth Magic
  4300 | D:5      | Found a snail-covered altar of Cheibriados.
  4382 | D:5      | Reached skill level 10 in Earth Magic
  4479 | D:5      | Learned a level 5 spell: Lee's Rapid Deconstruction
  4794 | D:5      | Identified the Tome of Confrontation and the Arsonist
  4866 | D:5      | Reached XP level 8. HP: 53/62 MP: 10/12
  4897 | D:5      | Reached skill level 5 in Transmutations
  5806 | D:6      | Found a blossoming altar of Fedhas.
  6588 | D:7      | Found a staircase to the Ecumenical Temple.
  6606 | Temple   | Entered the Ecumenical Temple
  6841 | Temple   | Became a worshipper of Ashenzari the Shackled
  6946 | D:7      | Gained mutation: You passively map the area around you. [Deep Dwarf growth]
  6946 | D:7      | Reached XP level 9. HP: 62/68 MP: 13/13
  7379 | D:7      | Noticed Menkaure
  7402 | D:7      | Killed Menkaure
  7402 | D:7      | Reached skill level 1 in Evocations
  7953 | D:7      | Found Nozulo's Serpentskin Sales.
  7962 | D:7      | Reached skill level 5 in Spellcasting
  8111 | D:7      | Noticed Prince Ribbit
  8124 | D:7      | Killed Prince Ribbit
  9266 | D:8      | Reached skill level 5 in Evocations
  9392 | D:8      | Reached XP level 10. HP: 59/75 MP: 2/17
 10385 | D:9      | Reached * piety under Ashenzari
 10496 | D:9      | Found a hide-covered altar of Uskayaw.
 11216 | D:9      | Reached skill level 11 in Earth Magic
 11311 | D:9      | Found a sacrificial altar of Ru.
 11675 | D:10     | Entered Level 10 of the Dungeon
 11736 | D:10     | Identified the +1 robe "Wudeuc" {*Contam rPois rN++ Stlth+}
 11915 | D:10     | Noticed Nergalle
 12007 | D:9      | Reached skill level 12 in Earth Magic
 12231 | D:10     | Reached XP level 11. HP: 77/81 MP: 19/19
 12294 | D:10     | Noticed a hill giant
 12365 | D:9      | Killed a hill giant
 12588 | D:10     | Found a staircase to the Lair.
 12753 | Lair:1   | Entered Level 1 of the Lair of Beasts
 12760 | Lair:1   | Noticed qice's ghost (journeyman FoFi)
 13356 | Lair:1   | Noticed a four-headed hydra
 13880 | Lair:2   | Reached ** piety under Ashenzari
 14171 | Lair:2   | Reached skill level 5 in Dodging
 14183 | Lair:2   | Found a snail-covered altar of Cheibriados.
 14266 | Lair:2   | Reached skill level 10 in Evocations
 14401 | Lair:2   | Found a staircase to the Shoals.
 15176 | Lair:3   | Found a staircase to the Snake Pit.
 15194 | Snake:1  | Entered Level 1 of the Snake Pit
 15194 | Snake:1  | Noticed a naga ritualist
 15194 | Snake:1  | Noticed a mana viper
 15194 | Snake:1  | Noticed an anaconda
 15195 | Snake:1  | Quit the game

Skill      XL: |  1  2  3  4  5  6  7  8  9 10 11 |
---------------+----------------------------------+-----
Spellcasting   | 2 3 4 6 8 |  8.1
Earth Magic    | 5 6 7 8 10 12 | 12.8
Transmutations | 1 2 4 7 8 |  8.1
Evocations     | 5 8 10 | 10.0
Dodging        | 7 |  7.3
Stealth        | |  2.4

Action                   |  1- 3 |  4- 6 |  7- 9 | 10-12 || total
-------------------------+-------+-------+-------+-------++-------
Melee: Unarmed           |    15 |       |       |       ||    15
       Short sword       |       |     1 |     3 |       ||     4
       Hand axe          |       |       |   123 |   237 ||   360
       Rapier            |       |       |     9 |       ||     9
Throw: Stone             |       |     1 |     1 |       ||     2
 Cast: Sandblast         |    52 |   136 |   305 |   251 ||   744
       Passwall          |       |     2 |       |       ||     2
       Lee's Rapid Decon |       |       |    33 |    40 ||    73
       Petrify           |       |       |     4 |    17 ||    21
Invok: Curse Item        |       |       |     3 |       ||     3
       Scrying           |       |       |       |     1 ||     1
 Abil: Device Recharging |       |       |     3 |     6 ||     9
Evoke: Wand              |       |     2 |    18 |    37 ||    57
  Use: Scroll            |     8 |     6 |     8 |     6 ||    28
       Potion            |       |       |       |     2 ||     2
 Stab: Sleeping          |       |       |       |     1 ||     1
       Petrified         |       |       |       |     1 ||     1
  Eat: Chunk             |     2 |     9 |     7 |    12 ||    30
       Bread ration      |       |       |     4 |     2 ||     6
       Fruit             |       |       |     2 |     6 ||     8
       Pizza             |       |       |     1 |     7 ||     8
Armor: Robe              |     7 |     9 |    16 |       ||    32
       Leather armour    |       |       |    82 |    94 ||   176
Dodge: Dodged            |    20 |    36 |   209 |   168 ||   433
